 Dungeon Crawl Stone Soup version 0.31-a0-4-gefa6de2278 (webtiles) character file.

Game seed: 14226116841921961282

21 Ahpoh the Slasher (level 2, -7/16 HPs)
             Began as a Vine Stalker Chaos Knight on May 4, 2023.
             Was a Plaything of Xom.
             Mangled by a gnoll
             ... wielding a +0 spear
              (8 damage)
             ... on level 1 of the Dungeon.
             The game lasted 00:03:01 (506 turns).

Ahpoh the Slasher (Vine Stalker Chaos Knight)        Turns: 506, Time: 00:03:01

Health: -7/16      AC:  6    Str: 12    XL:     2   Next: 87%
Magic:  0/3        EV: 11    Int: 12    God:    Xom [.*....]
Gold:   49         SH:  0    Dex: 13    Spells: 1/1 levels left

rFire   . . .        a - +0 falchion (chaos)
rCold   + . .        (no shield)
rNeg    . . .        b - +2 leather armour
rPois   .            f - +1 hat
rElec   .            (no cloak)
rCorr   .            (no gloves)
SInv    .            (no boots)
Will    +....        (no amulet)
Stlth   +            (no ring)
HPRegen 0.22/turn    (no ring)
MPRegen 0.08/turn

%: guardian spirit
@: unable to read
A: fangs 2, magic shield, antimagic bite, no potion heal 2, cold resistance 1,
strong-willed 1, weak 1, inability to read after injury 1
a: Renounce Religion


You were on level 1 of the Dungeon.
You worshipped Xom.
You were a plaything of Xom.
You visited 1 branch of the dungeon, and saw 1 of its levels.

You collected 49 gold pieces.

Inventory:

Hand Weapons
 a - a +0 falchion of chaos (weapon)
Armour
 b - a +2 leather armour (worn)
 f - a +1 hat (worn)
Scrolls
 h - 2 scrolls of immolation
Miscellaneous
 c - a piece from Xom's chessboard (13/15) (quivered)


   Skills:
 + Level 3.1 Fighting
 + Level 3.1 Long Blades
 + Level 1.7 Armour
 + Level 0.8 Dodging


You had one spell level left.
You didn't know any spells.
Your spell library contained the following spells:

 Spells                   Type           Power      Damage    Failure   Level
 Blade Hands              Tmut           0%         N/A       100%        5
 Irradiate                Conj/Tmut      0%         3d11      100%        5
 Iskenderun's Battlesphe  Conj           0%         2d6       100%        5
 Iron Shot                Conj/Erth      0%         9d1       100%        6
 Dragon Form              Tmut           0%         N/A       100%        7
 Spellforged Servitor     Conj/Summ      0%         N/A       100%        7


Dungeon Overview and Level Annotations

Branches:
Dungeon (1/15)

Altars:


Innate Abilities, Weirdness & Mutations

You have extremely sharp teeth.
When hurt, damage is shared between your health and your magic reserves.
Your bite disrupts and absorbs the magic of your enemies.
Potions cannot restore your health.
Your flesh is cold resistant. (rC+)
You are strong-willed. (Will+)
You are weak. (Str -2)
You occasionally lose the ability to read scrolls when taking damage.


Message History

The hobgoblin is moderately wounded.
The gnoll hits you from afar with a +0 spear.
The hobgoblin hits you.
You hit the hobgoblin.
You kill the hobgoblin!
The gnoll closely misses you. The gnoll hits you with a +0 spear.
You feel threatened and lose the ability to read scrolls!
Things that are here:
a +0 whip; 3 stones; a bat corpse The gnoll closely misses you.
You can read scrolls again.
The gnoll barely misses you.
You hit the gnoll but do no damage. The gnoll misses you.
You completely miss the gnoll. Your bite misses the gnoll.
The gnoll closely misses you.
You hit the gnoll. Your bite misses the gnoll.
The gnoll is moderately wounded.
The gnoll hits you with a +0 spear.
You feel threatened and lose the ability to read scrolls!
The gnoll hits you with a +0 spear.
* * * LOW HITPOINT WARNING * * *
You barely miss the gnoll. You bite the gnoll, but do no damage.
The gnoll is moderately wounded.
The gnoll hits you but does no damage.
You closely miss the gnoll.
The gnoll is moderately wounded.
You can read scrolls again.
The gnoll misses you.
You hit the gnoll but do no damage. You bite the gnoll, but do no damage.
The gnoll is moderately wounded.
The gnoll hits you with a +0 spear.
* * * LOW HITPOINT WARNING * * *
You make a move on Xom's chessboard...
The gnoll appears confused.
The gnoll barely misses you.
You make a move on Xom's chessboard...
The gnoll seems to grow stronger.
The gnoll hits you with a +0 spear!
You feel threatened and lose the ability to read scrolls!
Ouch! That really hurt!
You die...

........†...#######'###.#..
##..........##..........#..
#..........##..........#.#
#..........##..........#.#
#..........##..........#.#
#..........#######)##.##.#
#..........# #....##.#
#.........g#############.#
......)..@.).............#
........##################
........†g..... #
########....... # ....$.. #
S...... # .g##### # ...
....


You could see a gnoll (strong, confused).

Vanquished Creatures
  A dart slug (D:1)
  3 bats (D:1)
  An endoplasm (D:1)
  A hobgoblin (D:1)
  2 ball pythons (D:1)
  3 kobolds (D:1)
  3 rats (D:1)
14 creatures vanquished.

Vanquished Creatures (collateral kills)
  A bat (D:1)
  3 quokkas (D:1)
  A rat (D:1)
5 creatures vanquished.

Vanquished Creatures (others)
  A quokka (D:1)
1 creature vanquished.

Grand Total: 20 creatures vanquished

Notes
Turn   | Place    | Note
-------+----------+-------------------------------------------
     0 | D:1      | Ahpoh the Vine Stalker Chaos Knight began the quest for the
                  | Orb.
     0 | D:1      | Reached XP level 1. HP: 11/11 MP: 2/2
    12 | D:1      | XOM: divination: detect items
    30 | D:1      | XOM: summons friendly ufetubus
    55 | D:1      | XOM: give mutations
    55 | D:1      | Gained mutation: Your flesh is cold resistant. (rC+) [Xom's
                  | mischief]
    55 | D:1      | Gained mutation: You are weak. (Str -2) [Xom's mischief]
    55 | D:1      | Gained mutation: You are strong-willed. (Will+) [Xom's
                  | mischief]
    55 | D:1      | Gained mutation: You occasionally lose the ability to read
                  | scrolls when taking damage. [Xom's mischief]
   169 | D:1      | Reached XP level 2. HP: 16/16 MP: 1/3
   506 | D:1      | Mangled by a gnoll

Illustrated notes

Levels and vault maps discovered:
D:1:      sevenhm_arrival_forest_fort_small_4, layout_basic

Skill      XL: |  1  2 |
---------------+-------+-----
Long Blades    | 3 |  3.1
Fighting       | 3 |  3.1
Armour         | |  1.7
Dodging        | |  0.8

Action                     || total
---------------------------++-------
  Melee: Falchion          ||    40
         Bite              ||    10
  Evoke: Piece from Xom's  ||     2
    Use: Potion            ||     4
         Scroll            ||     1
 Armour: Leather armour    ||    19
  Dodge: Dodged            ||    48

Table legend: (Time is in decaauts)
 A = Elapsed time spent in this place.
 B = Non-inter-level travel time spent in this place.
 C = Inter-level travel time spent in this place.
 D = Time resting spent in this place.
 E = Time spent auto-exploring this place.
 F = Levels seen in this place.
 G = Mean time per level.
                   A        B        C        D        E       F      G
               +--------+--------+--------+--------+--------+-----+--------+
         Total |    516 |    516 |      0 |      0 |    382 |   1 |  516.0 |
       Dungeon |    516 |    516 |      0 |      0 |    382 |   1 |  516.0 |
               +--------+--------+--------+--------+--------+-----+--------+

Top non-repeatable levels by time:
     D:1: 516 daAuts
